 Dungeon Crawl Stone Soup version 0.19.4-8-ga85b6b9 (webtiles) character file.

1209 Jerry the Cleaver (level 8, -4/71 HPs)
             Began as a Hill Orc Fighter on Feb 12, 2017.
             Was an Initiate of Gozag.
             Killed from afar by an electric eel (10 damage)
             ... with a bolt of electricity
             ... on level 6 of the Dungeon.
             The game lasted 00:12:20 (6231 turns).

Jerry the Cleaver (Hill Orc Fighter)                Turns: 6231, Time: 00:12:21

Health: -4/71      AC: 12    Str: 21    XL:     8   Next: 45%
Magic:  8/8        EV:  8    Int:  8    God:    Gozag
Gold:   398        SH:  0    Dex: 10    Spells: 0 memorised, 7 levels left

rFire  + . .     SeeInvis .     a - +1 war axe
rCold  . . .     Gourm    .     b - +0 chain mail {rF+}
rNeg   + . .     Faith    .     (no shield)
rPois  .         Spirit   .     (no helmet)
rElec  .         Reflect  .     (no cloak)
rCorr  .         Harm     .     k - +0 pair of gloves
MR     .....                    l - +0 pair of boots
Stlth  ..........               (no amulet)
                                (no ring)
                                q - ring of positive energy

@: flying (expiring)
A: no striking features
a: Potion Petition, Call Merchant, Bribe Branch, Renounce Religion


You were on level 6 of the Dungeon.
You worshipped Gozag.
Gozag was aware of your devotion.
You were very full.

You visited 2 branches of the dungeon, and saw 7 of its levels.

You collected 511 gold pieces.
You paid 113 gold pieces to Gozag.

Inventory:

Hand Weapons
 a - a +1 war axe (weapon)
 u - a +0 spear
Armour
 b - a +0 chain mail of fire resistance (worn)
 c - a +0 shield
 k - a +0 pair of gloves (worn)
 l - a +0 pair of boots (worn)
Jewellery
 q - a ring of positive energy (left hand)
Wands
 z - a wand of slowing (16/48)
 A - a wand of lightning (10/15)
 B - a wand of iceblast (7/15)
Scrolls
 e - a scroll of fog
 g - 5 scrolls of teleportation
 i - a scroll of identify
 n - 4 scrolls of remove curse
 r - a scroll of amnesia {unknown}
 w - a scroll of immolation {unknown}
 y - a scroll of fear
Potions
 d - 2 potions of might
 h - 2 potions of cure mutation
 o - a potion of berserk rage
 p - a potion of resistance {unknown}
 s - a potion of lignification {unknown}
 t - a potion of curing {unknown}
 v - a potion of agility {unknown}
Comestibles
 f - 4 bread rations
 m - 2 slices of pizza
 x - 2 meat rations


   Skills:
 + Level 6.5 Fighting
 * Level 9.1 Axes
 + Level 6.4 Armour
 - Level 4.3 Shields


You had 7 spell levels left.
You didn't know any spells.

Dungeon Overview and Level Annotations

Branches:
Dungeon (6/15)             Temple (1/1) D:5

Altars:
Cheibriados
Dithmenos
Fedhas
Gozag
Hepliaklqana
Kikubaaqudgha
Nemelex Xobeh
Qazlal
Ru
Trog
Uskayaw
Xom
Zin
The Shining One


Message History

The electric eel is lightly wounded.
You slice the electric eel!!
You kill the electric eel!
You now have 398 gold pieces (gained 6).
An electric eel comes into view.
Careful!
You are starting to lose your buoyancy.
The electric eel shoots out a bolt of lightning at you!
The bolt of electricity hits you!
* * * LOW HITPOINT WARNING * * *
The bolt of electricity hits you!
* * * LOW HITPOINT WARNING * * *
The electric eel shoots out a bolt of lightning at you!
The bolt of electricity hits you!
* * * LOW HITPOINT WARNING * * *
As you read the scroll of fog, it crumbles to dust.
The scroll dissolves into smoke.
The electric eel shoots out a bolt of lightning at you!
The bolt of electricity hits you!
You die...
Your body crumbles into a pile of gold.

##...##.###.........#.#..........
(...>....≈≈≈≈≈≈≈≈≈..'.........#..
########≈≈#######≈≈.#.##.#.##.#..
.......≈≈##≈≈≈≈≈##≈≈#............
######≈≈##≈≈###≈≈##≈≈..#.##.###.#
#≈##≈≈## ##≈≈##≈............
######≈#≈≈##$ ##≈≈#≈....##.#####
......≈#≈## ####§#≈....##......
......≈#≈# #§@§§#≈....########
......≈#≈## #;§####≈............
......≈#≈≈##≈≈§##≈≈≈≈#....#.##.##
......≈##≈≈##≈##≈≈##≈#......##.##
......≈≈##≈≈###≈≈##≈≈#..#.####.##
.......≈≈##≈≈≈≈≈##≈≈.#....####.##
.."...##≈≈#######≈≈#.##.....##.##
#####.# #≈≈≈≈≈≈≈≈≈.#.######.##.##
#.###..####..#.#.# #.##.##


You could see an electric eel.

Vanquished Creatures
  A hippogriff (D:4)
  The ghost of Jerry the Chopper, an amateur HOGl (D:3)
  An ogre (D:6)
  2 big kobolds (D:4)
  2 bullfrogs
  A scorpion (D:6)
  An electric eel (D:6)
  A crimson imp (D:5)
  A centaur skeleton (D:6)
  3 orc wizards
  An iguana (D:4)
  A worker ant (D:4)
  A hound skeleton (D:4)
  6 gnolls (D:4)
  6 adders
  3 worms
  3 dart slugs (D:3)
  2 leopard geckos
  11 orcs
  2 ball pythons
  2 bats
  A giant cockroach (D:2)
  23 goblins
  28 hobgoblins
  7 jackals
  2 quokkas (D:3)
  3 frilled lizards
  6 kobolds
  A leopard gecko skeleton (D:4)
  8 rats
131 creatures vanquished.

Notes
Turn   | Place    | Note
-------+----------+-------------------------------------------
     0 | D:1      | Jerry the Hill Orc Fighter began the quest for the Orb.
     0 | D:1      | Reached XP level 1. HP: 19/19 MP: 1/1
   658 | D:1      | Reached XP level 2. HP: 20/27 MP: 2/2
   750 | D:1      | Reached skill level 3 in Axes
   772 | D:1      | Found a glowing golden altar of the Shining One.
  1277 | D:2      | Reached XP level 3. HP: 29/33 MP: 3/3
  1680 | D:2      | Reached skill level 4 in Axes
  1792 | D:2      | Found a sparkling altar of Nemelex Xobeh.
  1828 | D:2      | Reached XP level 4. HP: 40/40 MP: 4/4
  2238 | D:3      | Noticed Jerry's ghost (amateur HOGl)
  2251 | D:3      | Killed Jerry's ghost
  2251 | D:3      | Reached skill level 5 in Axes
  2251 | D:3      | Reached XP level 5. HP: 9/47 MP: 5/5
  3000 | D:3      | Found a blossoming altar of Fedhas.
  3039 | D:3      | Reached XP level 6. HP: 53/53 MP: 6/6
  3256 | D:4      | Noticed a hippogriff
  3309 | D:4      | Killed a hippogriff
  3309 | D:4      | Reached skill level 5 in Fighting
  3309 | D:4      | Reached skill level 6 in Axes
  3309 | D:4      | Reached skill level 5 in Armour
  3309 | D:4      | Reached XP level 7. HP: 47/61 MP: 7/7
  3821 | D:4      | Reached skill level 7 in Axes
  4299 | D:4      | Reached skill level 8 in Axes
  4330 | D:4      | Reached XP level 8. HP: 55/70 MP: 8/8
  4749 | D:5      | Entered Level 5 of the Dungeon
  4821 | D:5      | Found a staircase to the Ecumenical Temple.
  5078 | D:5      | Found a shimmering altar of Xom.
  5079 | D:5      | Found a hazy altar of Hepliaklqana.
  5080 | D:5      | Noticed a spectral ugly thing
  5339 | Temple   | Entered the Ecumenical Temple
  5360 | Temple   | Became a worshipper of Gozag Ym Sagoz the Greedy
  5799 | D:6      | Found a glowing golden altar of the Shining One.
  5800 | D:6      | Found a bloodstained altar of Trog.
  5836 | D:6      | Found a shadowy altar of Dithmenos.
  5868 | D:6      | Reached skill level 9 in Axes
  6231 | D:6      | Killed from afar by an electric eel

Skill      XL: |  1  2  3  4  5  6  7  8 |
---------------+-------------------------+-----
Axes           | 3 4 5 6 8 9 |  9.1
Fighting       | 4 5 6 |  6.5
Armour         | 4 5 6 |  6.4
Shields        | 4 |  4.3

Action                   |  1- 3 |  4- 6 |  7- 9 || total
-------------------------+-------+-------+-------++-------
Melee: War axe           |   122 |    97 |   212 ||   431
  Use: Potion            |       |     1 |     1 ||     2
       Scroll            |       |    13 |     4 ||    17
  Eat: Chunk             |     3 |    13 |    13 ||    29
Armor: Scale mail        |    64 |    20 |       ||    84
       Chain mail        |       |    58 |   138 ||   196
Dodge: Dodged            |    75 |    43 |    77 ||   195
